 Dungeon Crawl Stone Soup version 0.30-a0-165-g1891117ce2 (webtiles) character file.

Game seed: 5383866520247496197

821 qw the Chopper (level 7, -6/48 HPs)
             Began as a Gargoyle Fighter on Sept 28, 2022.
             Was an Initiate of Okawaru.
             Mangled by Duvessa
             ... wielding a +0 short sword
              (14 damage)
             ... on level 5 of the Dungeon.
             The game lasted 00:02:13 (4705 turns).

qw the Chopper (Gargoyle Fighter)                   Turns: 4705, Time: 00:02:13

Health: -6/48      AC: 13    Str: 21    XL:     7   Next: 95%
Magic:  6/6        EV:  9    Int:  9    God:    Okawaru [......]
Gold:   297        SH:  4    Dex:  9    Spells: 6/6 levels left

rFire   + . .      SeeInvis .    Y - +0 war axe
rCold   . . .      Faith    .    c - +0 buckler
rNeg    + . .      Spirit   .    n - +2 scale mail {rF+}
rPois   inf        Reflect  .    (no helmet)
rElec   +          Harm     .    (no cloak)
rCorr   +          Rampage  .    (no gloves)
Will    .....                    (no boots)
Stlth   ..........               (no amulet)
HPRegen 0.00/turn                f - ring of resist corrosion
MPRegen 0.10/turn                (no ring)

@: lit by a corona, inhibited regen, glowing
A: sickness immunity, AC +4, negative energy resistance 1, electricity
resistance, torment resistance 1, petrification resistance, low MP 1, robust 1,
inhibited regeneration, MP-powered wands
a: Renounce Religion


You were on level 5 of the Dungeon.
You worshipped Okawaru.
Okawaru was noncommittal.
You visited 2 branches of the dungeon, and saw 6 of its levels.
You also visited: Sewer.

You collected 297 gold pieces.


Innate Abilities, Weirdness & Mutations

You are immune to sickness and miasma.
Your stone body is resilient. (AC +4)
You are immune to poison.
You resist negative energy. (rN+)
You are resistant to electric shocks. (rElec)
You are resistant to unholy torment.
You are immune to petrification.
Your magical capacity is low. (-10% MP)
You are robust. (+10% HP)
You do not regenerate when monsters are visible.
You expend magic power (3 MP) to strengthen your wands.


   Skills:
 - Level 5.1 Fighting
 + Level 7.1 Axes
 - Level 3.2 Armour
 - Level 1.4 Dodging
 - Level 3.2 Shields


You had 6 spell levels left.
You didn't know any spells.
Your spell library was empty.

Inventory:

Hand Weapons
 i - a +1 hand axe of flaming
 Y - a +0 war axe (weapon)
Armour
 c - a +0 buckler (worn)
 e - a +0 chain mail
 h - a +0 pair of gloves
 l - a +0 helmet
 n - a +2 scale mail of fire resistance (worn)
Jewellery
 f - a ring of resist corrosion (left hand)
Scrolls
 a - a scroll of identify
 b - a scroll of fear {unknown}
Potions
 d - a potion of might
 g - a potion of haste {unknown}
 k - a potion of resistance {unknown}
 m - 2 potions of curing

Dungeon Overview and Level Annotations

Branches:
Dungeon (4/15)             Temple (1/1) D:4           Sewer (visited)

Altars:
Cheibriados
Elyvilon
Fedhas
Hepliaklqana
Kikubaaqudgha
Makhleb
Nemelex Xobeh
Okawaru
Qazlal
Sif Muna
Trog
Uskayaw
Vehumet
Wu Jian
Xom
Yredelemnul
Zin
The Shining One

Annotations:
D:5 Duvessa, Sigmund


Message History

You hit the necrophage. You closely miss Duvessa.
Duvessa hits you with a +0 short sword. Duvessa hits you but does no damage.
Dowan says, "Stay away from my face!"
Dowan hits you but does no damage. The necrophage hits you.
You slash Dowan!
You kill Dowan!
Okawaru accepts your kill.
Duvessa screams, "No!
How DARE you!"
Duvessa goes berserk!
You closely miss the necrophage. You hit Duvessa but do no damage.
Duvessa hits you with a +0 short sword. The necrophage hits you.
Duvessa hits you but does no damage.
Your Fighting skill increases to level 5!
You hit Duvessa but do no damage.
Duvessa is severely wounded.
You hit the necrophage. You block Duvessa's attack.
You block the necrophage's attack.
You closely miss Duvessa.
Duvessa is severely wounded.
You closely miss the necrophage. Duvessa hits you with a +0 short sword.
The necrophage hits you. Duvessa hits you but does no damage.
You slash Duvessa!
Duvessa is almost dead.
You slash the necrophage! Duvessa hits you but does no damage.
The necrophage hits you. Duvessa hits you but does no damage.
The necrophage hits you but does no damage.
You hit Duvessa.
Duvessa is almost dead.
You closely miss the necrophage. Duvessa hits you with a +0 short sword.
Duvessa barely misses you.
The necrophage hits you but does no damage.
You barely miss Duvessa.
Duvessa is almost dead.
You hit the necrophage. You block Duvessa's attack.
The necrophage hits you but does no damage.
Duvessa hits you with a +0 short sword!
You die...

.e# ..# #####
#.# ##...## #.#
.#######..#..##
#.#
....##...####.##
#.# ###.....##
##.###.# ###..##
#.)#n## #..#
##.@e# #...#
##### #....#
#....# ....##
#....# ###.##


You could see Duvessa (berserk, fast) and a necrophage.

Vanquished Creatures
  Menkaure (D:5)
  5 kobold brigands (Sewer)
  A scorpion (D:5)
  Dowan (D:5)
  A jelly (D:5)
  Terence (D:3)
  6 adders
  3 river rats (Sewer)
  A shadow imp (D:5)
  4 worms
  3 dart slugs
  2 orcs
  11 ball pythons
  3 bats (D:1)
  A bat zombie (D:3)
  7 endoplasms
  6 giant cockroaches
  A goblin (D:4)
  6 hobgoblins
  2 jackals (D:2)
  4 quokkas
  3 frilled lizards
  13 kobolds
  13 rats
  2 rat zombies (D:3)
101 creatures vanquished.

Vanquished Creatures (others)
  21 plants (D:3)
21 creatures vanquished.

Grand Total: 122 creatures vanquished

Notes
Turn   | Place    | Note
-------+----------+-------------------------------------------
     0 | D:1      | qw the Gargoyle Fighter began the quest for the Orb.
     0 | D:1      | Reached XP level 1. HP: 14/14 MP: 1/1
     0 | D:1      | 0 ||| qw: Version: 0.2-a-12-gaebbb33
     0 | D:1      | 0 ||| qw: Game counter: 904
     0 | D:1      | 0 ||| qw: Always use a shield: true
     0 | D:1      | 0 ||| qw: God list: Okawaru
     0 | D:1      | 0 ||| qw: Allow faded altars: false
     0 | D:1      | 0 ||| qw: Do Orc after D:15 true
     0 | D:1      | 0 ||| qw: Do second Lair branch before Depths: true
     0 | D:1      | 0 ||| qw: Lair rune preference: random
     0 | D:1      | 0 ||| qw: Plans: Normal, Zot:1-4, God:TSO, Crypt, Tomb,
                  | Pan, Slime:5, Hells, Abyss, Orb
     0 | D:1      | 0 ||| PLANNING D:1-11
    47 | D:1      | Reached skill level 2 in Axes
   199 | D:1      | Reached XP level 2. HP: 18/19 MP: 2/2
   372 | D:1      | Found a faded altar of an unknown god.
   822 | D:1      | 822 ||| UPGRADING to +0 chain mail.
   832 | D:1      | 832 ||| DROPPING +0 scale mail.
   833 | D:1      | 833 ||| READING 2 scrolls labelled NIOXOU VARA.
   834 | D:1      | 834 ||| READING scroll labelled KASALE OLONU.
   835 | D:1      | 835 ||| DRINKING 2 golden potions.
   836 | D:1      | 836 ||| DRINKING 2 puce potions.
   837 | D:1      | 837 ||| DROPPING potion of magic.
   838 | D:1      | 838 ||| DROPPING potion of degeneration.
   999 | D:2      | Reached skill level 3 in Axes
  1000 | D:2      | Reached XP level 3. HP: 17/23 MP: 3/3
  1339 | D:2      | 1339 ||| DROPPING +0 club.
  1614 | D:2      | 1614 ||| UPGRADING to ring of resist corrosion.
  1615 | D:2      | 1615 ||| READING scroll labelled LUARRY VUTORO.
  1616 | D:2      | 1616 ||| READING scroll labelled FUITRAH QAUMN.
  1620 | D:2      | 1620 ||| READING scroll labelled IHIRAN DYMITE.
  1693 | D:3      | 1693 ||| DROPPING +0 whip.
  1751 | D:3      | Reached XP level 4. HP: 27/28 MP: 4/4
  1807 | D:3      | Reached skill level 4 in Axes
  2072 | D:3      | Noticed Terence
  2084 | D:3      | Killed Terence
  2314 | D:3      | Found an ancient bone altar of Kikubaaqudgha.
  2447 | D:3      | 2447 ||| Stepping ~*~*~tactically~*~*~ (stealth).
  2448 | D:3      | 2448 ||| Stepping ~*~*~tactically~*~*~ (stealth).
  2449 | D:3      | 2449 ||| Stepping ~*~*~tactically~*~*~ (stealth).
  2518 | D:3      | 2518 ||| UPGRADING to +2 scale mail of fire resistance.
  2528 | D:3      | 2528 ||| READING 2 scrolls labelled MORA CUHOATHRAE.
  2529 | D:3      | 2529 ||| READING scroll labelled LONEMU FO UJANIX.
  2530 | D:3      | 2530 ||| DROPPING scroll of poison.
  2563 | D:4      | 2563 ||| PLANNING SEWER
  2571 | D:4      | Found a staircase to the Ecumenical Temple.
  2665 | D:4      | Found a glowing drain.
  2680 | D:4      | Reached XP level 5. HP: 26/32 MP: 5/5
  2740 | D:4      | 2740 ||| DROPPING ring of wizardry.
  2741 | D:4      | 2741 ||| READING scroll labelled YMO ONASYANK.
  2750 | D:4      | 2750 ||| DRINKING 2 bubbling white potions.
  2752 | D:4      | 2752 ||| FLEEEEING.
  2753 | D:4      | 2753 ||| FLEEEEING.
  2754 | D:4      | 2754 ||| FLEEEEING.
  2761 | D:4      | 2761 ||| FLEEEEING.
  2762 | D:4      | 2762 ||| FLEEEEING.
  2769 | D:4      | 2769 ||| FLEEEEING.
  2770 | D:4      | 2770 ||| FLEEEEING.
  2771 | D:4      | 2771 ||| FLEEEEING.
  2772 | D:4      | 2772 ||| FLEEEEING.
  2773 | D:4      | 2773 ||| FLEEEEING.
  2782 | D:4      | 2782 ||| STAIRDANCE
  2786 | D:4      | 2786 ||| STAIRDANCE
  2790 | D:4      | 2790 ||| STAIRDANCE
  2797 | D:4      | 2797 ||| STAIRDANCE
  2831 | D:4      | 2831 ||| FLEEEEING.
  2832 | D:4      | 2832 ||| FLEEEEING.
  2841 | D:4      | 2841 ||| FLEEEEING.
  2842 | D:4      | 2842 ||| FLEEEEING.
  2848 | D:4      | 2848 ||| FLEEEEING.
  2849 | D:4      | 2849 ||| FLEEEEING.
  2850 | D:4      | 2850 ||| FLEEEEING.
  2851 | D:4      | 2851 ||| FLEEEEING.
  2852 | D:4      | 2852 ||| FLEEEEING.
  2861 | D:4      | 2861 ||| STAIRDANCE
  2865 | D:4      | 2865 ||| STAIRDANCE
  2870 | D:4      | 2870 ||| STAIRDANCE
  2881 | D:4      | 2881 ||| FLEEEEING.
  2882 | D:4      | 2882 ||| FLEEEEING.
  2883 | D:4      | 2883 ||| FLEEEEING.
  2884 | D:4      | 2884 ||| FLEEEEING.
  2885 | D:4      | 2885 ||| FLEEEEING.
  2886 | D:4      | 2886 ||| FLEEEEING.
  2887 | D:4      | 2887 ||| FLEEEEING.
  2888 | D:4      | 2888 ||| STAIRDANCE
  2896 | D:4      | 2896 ||| STAIRDANCE
  2952 | D:4      | 2952 ||| FLEEEEING.
  2953 | D:4      | 2953 ||| FLEEEEING.
  2954 | D:4      | 2954 ||| FLEEEEING.
  2955 | D:4      | 2955 ||| FLEEEEING.
  2975 | D:4      | 2975 ||| FLEEEEING.
  2983 | D:4      | 2983 ||| FLEEEEING.
  2984 | D:4      | 2984 ||| FLEEEEING.
  2985 | D:4      | 2985 ||| FLEEEEING.
  2991 | D:4      | 2991 ||| FLEEEEING.
  2992 | D:4      | 2992 ||| FLEEEEING.
  2993 | D:4      | 2993 ||| FLEEEEING.
  2994 | D:4      | 2994 ||| FLEEEEING.
  3000 | D:4      | 3000 ||| FLEEEEING.
  3004 | D:4      | 3004 ||| STAIRDANCE
  3009 | D:4      | 3009 ||| STAIRDANCE
  3050 | Sewer    | Entered a sewer
  3302 | Sewer    | Reached skill level 5 in Axes
  3458 | Sewer    | Noticed a kobold brigand
  3491 | Sewer    | Killed a kobold brigand
  3492 | Sewer    | Reached XP level 6. HP: 39/39 MP: 6/6
  3547 | Sewer    | Reached skill level 1 in Dodging
  3837 | Sewer    | Reached XP level 7. HP: 44/44 MP: 7/7
  3890 | Sewer    | Reached skill level 6 in Axes
  4073 | Sewer    | 4073 ||| DRINKING 2 murky black potions.
  4073 | Sewer    | Gained mutation: You have large cloven feet. [potion of
                  | mutation]
  4073 | Sewer    | Gained mutation: You sometimes lose your temper in combat.
                  | [potion of mutation]
  4074 | Sewer    | 4074 ||| DRINKING potion of mutation.
  4074 | Sewer    | Lost mutation: You sometimes lose your temper in combat.
                  | [potion of mutation]
  4074 | Sewer    | Lost mutation: You have large cloven feet. [potion of
                  | mutation]
  4074 | Sewer    | Gained mutation: You expend magic power (3 MP) to
                  | strengthen your wands. [potion of mutation]
  4074 | Sewer    | Gained mutation: Your magical capacity is low. (-10% MP)
                  | [potion of mutation]
  4074 | Sewer    | Gained mutation: You do not regenerate when monsters are
                  | visible. [potion of mutation]
  4074 | Sewer    | Gained mutation: You are robust. (+10% HP) [potion of
                  | mutation]
  4095 | Sewer    | 4095 ||| DRINKING 2 yellow potions.
  4096 | Sewer    | 4096 ||| DRINKING 3 murky inky potions.
  4097 | Sewer    | 4097 ||| DROPPING potion of brilliance.
  4120 | D:4      | 4120 ||| PLANNING TEMPLE
  4143 | D:4      | 4143 ||| Stepping ~*~*~tactically~*~*~ (stealth).
  4144 | D:4      | 4144 ||| Stepping ~*~*~tactically~*~*~ (stealth).
  4145 | D:4      | 4145 ||| Stepping ~*~*~tactically~*~*~ (stealth).
  4146 | D:4      | 4146 ||| FLEEEEING.
  4151 | D:4      | 4151 ||| FLEEEEING.
  4152 | D:4      | 4152 ||| FLEEEEING.
  4153 | D:4      | 4153 ||| STAIRDANCE
  4157 | D:4      | 4157 ||| STAIRDANCE
  4165 | D:4      | 4165 ||| STAIRDANCE
  4216 | Temple   | Entered the Ecumenical Temple
  4217 | Temple   | 4217 ||| PLANNING OKAWARU WORSHIP
  4223 | Temple   | Became a worshipper of Warmaster Okawaru
  4224 | Temple   | 4224 ||| PLANNING D:1-11
  4472 | D:4      | You fall into a shaft and drop 1 floor!
  4472 | D:5      | Entered Level 5 of the Dungeon
  4473 | D:5      | Noticed Menkaure
  4479 | D:5      | Killed Menkaure
  4563 | D:5      | Noticed a two-headed ogre
  4569 | D:5      | Noticed Sigmund
  4570 | D:5      | 4570 ||| Stepping ~*~*~tactically~*~*~ (hiding).
  4570 | D:5      | HP: 6/48 [two-headed ogre/+0 giant club (14)]
  4571 | D:5      | 4571 ||| READING scroll of teleportation.
  4572 | D:5      | 4572 ||| DRINKING 2 potions of heal wounds.
  4574 | D:5      | 4574 ||| Stepping ~*~*~tactically~*~*~ (hiding).
  4655 | D:5      | Reached skill level 7 in Axes
  4673 | D:5      | Noticed Duvessa
  4675 | D:5      | 4675 ||| Stepping ~*~*~tactically~*~*~ (stealth).
  4677 | D:5      | Noticed Dowan
  4678 | D:5      | 4678 ||| Stepping ~*~*~tactically~*~*~ (hiding).
  4679 | D:5      | 4679 ||| Stepping ~*~*~tactically~*~*~ (hiding).
  4695 | D:5      | HP: 10/48 [Dowan/puff of flame (4)]
  4696 | D:5      | 4696 ||| DRINKING potion of heal wounds.
  4700 | D:5      | Killed Dowan
  4703 | D:5      | HP: 10/48 [necrophage (3)]
  4705 | D:5      | Mangled by Duvessa

Levels and vault maps discovered:
D:1:      lemuel_arrival_rhombus, layout_basic, ebering_ecumenical_altar_hall,
          grunt_decor_arrowhead, minmay_tetromino_s4
D:2:      layout_rooms, chequers_serial_rivers_small_3
D:3:      layout_basic, lemuel_zombie_altar_kikubaaqudgha, serial_bayou,
          serial_bayou_pond_e, serial_bayou_pond_d, serial_bayou_lake_a,
          serial_bayou_shore_b, uniq_terence
D:4:      layout_basic, minmay_temple_entry_tees, portal_sewer_entry_a
D:5:      layout_layer_cave, nicolae_ru_path_of_blood,
          nicolae_gozag_zags_fifth_avenue, grunt_decor_junction, uniq_sigmund,
          uniq_duvessa, uniq_menkaure
Temple:   sentei_temple_godly_chess

Skill      XL: |  1  2  3  4  5  6  7 |
---------------+----------------------+-----
Axes           | 2 3 4 5 7 |  7.1
Fighting       | 4 5 |  5.1
Dodging        | 1 |  1.4
Armour         | |  3.2
Shields        | |  3.2

Action                   |  1- 3 |  4- 6 |  7- 9 || total
-------------------------+-------+-------+-------++-------
Melee: War axe           |   122 |   215 |    85 ||   422
  Use: Scroll            |     5 |     3 |     1 ||     9
       Potion            |     2 |     1 |     6 ||     9
Armor: Scale mail        |    30 |    58 |    55 ||   143
       Chain mail        |    40 |    35 |       ||    75
Dodge: Dodged            |    50 |    82 |    30 ||   162
Block: Buckler           |    21 |    31 |    14 ||    66

Table legend:
 A = Non-vault XP
 B = Vault XP
 C = Vault XP percentage of total XP
 D = Non-vault monster count
 E = Vault monster count
 F = Vault count percentage of total count
                 A         B        C        D         E       F
            +---------+---------+-------+---------+---------+-------
      Total |     270 |     904 |  77.0 |      61 |      40 |  39.6
            +---------+---------+-------+---------+---------+-------
        D:1 |      19 |       1 |   5.0 |      10 |       1 |   9.1
        D:2 |      49 |       0 |   0.0 |      19 |       0 |   0.0
        D:3 |      44 |      40 |  47.6 |      18 |       4 |  18.2
        D:4 |      21 |       7 |  25.0 |      11 |       5 |  31.2
        D:5 |     137 |     242 |  63.9 |       3 |       2 |  40.0
      Sewer |       0 |     614 | 100.0 |       0 |      28 | 100.0
            +---------+---------+-------+---------+---------+-------
